AoeStats
← DrHoused

African Clearing

510838117Analyzed
2v2 RM · 16h ago on Oct 2, 2026· 47m 7s· 4 players
Game mode
Random Map
Map size
Medium (4 player)
Population
200
Speed
Normal
Resources
Standard
Victory
Conquest
Starting age
Dark Age
Ending age
Imperial Age
RankedLock teamsTeams togetherTeam positionsShared explorationLock speedFull tech treeHidden civsTurbo modeCheats
Victory
Defeat
🇦🇷 Sicilians · Argentina
1574
+15
🇦🇷 Huns · Argentina
1566
+15
🇳🇱 Mongols · Netherlands
1577
-16
🇨🇭 Varangians · Switzerland
1531
-14
DrHoused
11:18 Loom
14:33 Feudal Age
15:01 Fishing Lines
20:06 Castle Age
18:03 Double-Bit Axe
19:11 Bloodlines
20:41 Scale Barding Armor
20:47 Forging
27:29 Gillnets
29:18 Chain Barding Armor
30:16 Husbandry
34:43 Wheelbarrow
36:35 Hand Cart
36:05 Town Watch
38:11 Horse Collar
39:56 Iron Casting
40:41 Ballistics
43:09 Imperial Age
40:23 Vendel Legacy
41:22 Fletching
44:08 Heavy Scorpion
45:01 Cavalier
squashy5000
3:50 Loom
13:36 Feudal Age
14:06 Double-Bit Axe
14:55 Fletching
22:51 Castle Age
22:49 Horse Collar
23:51 Bodkin Arrow
36:42 Wheelbarrow
36:27 Padded Archer Armor
39:08 Ballistics
39:06 Bloodlines
40:32 Husbandry
45:51 Imperial Age
46:39 Bracer
TyRanT
8:33 Loom
11:33 Feudal Age
15:14 Double-Bit Axe
15:10 Horse Collar
19:17 Wheelbarrow
22:42 Castle Age
21:26 Scale Barding Armor
21:32 Bloodlines
23:40 Bow Saw
23:32 Fletching
23:04 Light Cavalry
25:42 Bodkin Arrow
26:39 Husbandry
27:08 Hand Cart
31:51 Padded Archer Armor
31:55 Stone Mining
33:05 Leather Archer Armor
33:18 Ballistics
33:53 Thumb Ring
38:55 Imperial Age
36:35 Marauders
38:27 Scale Barding Armor
38:33 Forging
39:51 Chain Barding Armor
41:10 Iron Casting
40:01 Elite Tarkan
41:02 Conscription
41:04 Bracer
42:21 Chemistry
47:40 Parthian Tactics
47:51 Plate Barding Armor
Monkey_D_Luffy
8:43 Loom
12:33 Feudal Age
23:58 Castle Age
23:07 Fletching
36:21 Double-Bit Axe
44:21 Wheelbarrow
44:49 Bow Saw
44:48 Horse Collar
49:44 Imperial Age
Connection lost

Rejoining the realm…

Still unreachable

The connection could not be restored.

Session expired

The server has moved on; the page needs a fresh start.